 Dungeon Crawl Stone Soup version 0.28.0-53-g5a82cb258f (webtiles) character file.

Game seed: 6742904535216329560

879 Zeld the Chopper (level 7, -1/99 HPs)
             Began as a Minotaur Berserker on May 22, 2022.
             Was a Believer of Trog.
             Slain by a gnoll
             ... wielding a +0 whip
              (8 damage)
             ... on level 6 of the Dungeon.
             The game lasted 00:02:21 (4810 turns).

Zeld the Chopper (Minotaur Berserker)               Turns: 4810, Time: 00:02:21

Health: -1/99      AC:  2    Str: 23    XL:     7   Next: 75%
Magic:  6/6        EV: 13    Int:  4    God:    Trog [**....]
Gold:   149        SH:  0    Dex: 10    Spells: 6/6 levels left

rFire   . . .      SeeInvis .   q - +2 long sword (vorpal)
rCold   . . .      Faith    .   (no shield)
rNeg    . . .      Spirit   .   b - +0 animal skin
rPois   .          Reflect  .   (helmet restricted)
rElec   .          Harm     .   (no cloak)
rCorr   .          Rampage  .   (no gloves)
Will    .....                   (no boots)
Stlth   ..........              (no amulet)
HPRegen 0.26/turn               (no ring)
MPRegen 0.10/turn               (no ring)

@: berserking, lit by a corona, glowing, very quick
A: horns 2, retaliatory headbutt
a: Renounce Religion, Berserk, Trog's Hand


You were on level 6 of the Dungeon.
You worshipped Trog.
Trog was pleased with you.
You visited 1 branch of the dungeon, and saw 6 of its levels.

You collected 149 gold pieces.

Inventory:

Hand Weapons
 a - a +0 hand axe
 q - a +2 vorpal long sword (weapon)
Armour
 b - a +0 animal skin (worn)
Wands
 h - a wand of flame (15)
Scrolls
 c - 3 scrolls of vulnerability {unknown}
 d - 5 scrolls of identify {unknown}
 g - 2 scrolls of magic mapping {unknown}
 i - a scroll of brand weapon {unknown}
 j - a scroll of teleportation {unknown}
 k - a scroll of amnesia {unknown}
Potions
 e - 3 potions of heal wounds {unknown}
 f - 2 potions of degeneration {unknown}
 l - a potion of curing {unknown}
 m - a potion of lignification {unknown}
 n - 2 potions of flight {unknown}
 o - 2 potions of attraction {unknown}
 p - a potion of brilliance {unknown}


   Skills:
 * Level 7.0 Fighting
 * Level 7.1 Axes
 + Level 4.9 Armour
 + Level 4.4 Dodging


You had 6 spell levels left.
You didn't know any spells.
Your spell library was empty.

Dungeon Overview and Level Annotations

Branches:
Dungeon (6/15)
 Temple: D:4-7

Altars:
Xom
Zin

Annotations:
D:3 2 transporters, Modestlyawesome's ghost, amateur DsBe


Innate Abilities, Weirdness & Mutations

You have a pair of horns on your head.
You reflexively headbutt those who attack you in melee.


Message History

A gnoll comes into view. It is wielding a +0 spear.
The gnoll shouts!
You slash the gnoll!
You kill the gnoll!
Trog accepts your kill. The gnoll closely misses you.
A gnoll comes into view. It is wielding a +0 whip.
The gnoll hits you with a +0 flail!
* * * LOW HITPOINT WARNING * * *
Things that are here:
a +0 flail; an orc corpse
Items here: ))) [ †.
You hit the gnoll.
The gnoll is heavily wounded.
The gnoll closely misses you.
You completely miss the gnoll. You headbutt the gnoll. You punch the gnoll.
You kill the gnoll!
Trog accepts your kill.
You completely miss the gnoll shaman. Your headbutt misses the gnoll shaman.
The gnoll shaman hits you with a +0 whip.
* * * LOW HITPOINT WARNING * * *
The gnoll shaman closely misses you.
You closely miss the gnoll shaman. You headbutt the gnoll shaman.
The gnoll shaman is moderately wounded.
The gnoll shaman calls upon its god to speed up the gnoll.
The gnoll seems to speed up.
The gnoll shaman invokes the aid of its god against you.
You are outlined in light.
There is a stone staircase leading down here.
The gnoll misses you. The gnoll hits you with a +0 whip.
* * * LOW HITPOINT WARNING * * *
You climb downwards.
There is a stone staircase leading up here.
You closely miss the gnoll. The gnoll barely misses you.
The gnoll hits you with a +0 whip.
* * * LOW HITPOINT WARNING * * *
A red film seems to cover your vision as you go berserk!
You feel yourself moving faster!
You feel mighty! The gnoll hits you with a +0 whip!
You die...

# ######
.## #....#
....
#....##...#
#........#
#...@g..#
#....####
#....#
#....#
######


You could see a gnoll (fast).

Vanquished Creatures
  An orc warrior (D:5)
  A sky beast (D:4)
  2 ogres (D:4)
  A centaur (D:5)
  A phantom (D:4)
  A scorpion (D:5)
  A howler monkey (D:5)
  A hound (D:4)
  Jessica (D:2)
  2 iguanas
  2 gnolls (D:5)
  8 adders
  2 worms
  2 dart slugs
  4 orcs
  8 ball pythons
  6 bats (D:1)
  5 endoplasms
  2 goblins (D:4)
  7 hobgoblins
  5 kobolds
  2 quokkas
  4 frilled lizards
  5 rats
74 creatures vanquished.

Notes
Turn   | Place    | Note
-------+----------+-------------------------------------------
     0 | D:1      | Zeld the Minotaur Berserker began the quest for the Orb.
     0 | D:1      | Reached XP level 1. HP: 19/19 MP: 0/0
   308 | D:1      | Reached XP level 2. HP: 25/27 MP: 1/1
   718 | D:1      | Found a faded altar of an unknown god.
  1107 | D:2      | Reached ** piety under Trog
  1130 | D:2      | Reached XP level 3. HP: 33/33 MP: 2/2
  1478 | D:2      | Noticed Jessica
  1485 | D:2      | Killed Jessica
  1795 | D:2      | Reached XP level 4. HP: 36/41 MP: 3/3
  2219 | D:3      | Found a transporter.
  2232 | D:3      | Found a transporter.
  2234 | D:3      | Noticed Modestlyawesome's ghost (amateur DsBe)
  2577 | D:3      | Reached skill level 5 in Axes
  2577 | D:3      | Reached XP level 5. HP: 20/47 MP: 4/4
  3134 | D:3      | Reached skill level 5 in Fighting
  3659 | D:4      | Noticed a phantom
  3660 | D:4      | Noticed an ogre
  3671 | D:4      | Killed a phantom
  3672 | D:4      | Reached XP level 6. HP: 36/56 MP: 5/5
  4002 | D:4      | Noticed a sky beast
  4009 | D:4      | Killed a sky beast
  4130 | D:4      | Found a shimmering altar of Xom.
  4130 | D:4      | Noticed an angel
  4131 | D:4      | Found a glowing silver altar of Zin.
  4142 | D:4      | Reached XP level 7. HP: 23/64 MP: 6/6
  4680 | D:5      | Entered Level 5 of the Dungeon
  4810 | D:6      | Slain by a gnoll

Illustrated notes

Levels and vault maps discovered:
D:1:      dpeg_arrival_water_temple_mockup, layout_loops_ring,
          ebering_ecumenical_altar_hall
D:2:      layout_loops_corners, uniq_jessica
D:3:      layout_basic, gammafunk_ghost_arena
D:4:      layout_loops_corners, grunt_temple_overflow_order_and_chaos_1,
          minmay_fractal_squares_gapless_5
D:5:      layout_rooms, ebering_ghost_sewer_d
D:6:      layout_rooms, hangedman_decor_slide_cut

Skill      XL: |  1  2  3  4  5  6  7 |
---------------+----------------------+-----
Fighting       | 4 5 6 7 |  7.0
Axes           | 4 5 6 7 |  7.1
Armour         | 3 4 |  4.9
Dodging        | 3 4 |  4.4

Action                   |  1- 3 |  4- 6 |  7- 9 || total
-------------------------+-------+-------+-------++-------
Melee: Hand axe          |    71 |    77 |       ||   148
       Headbutt          |    12 |    14 |     4 ||    30
       Punch             |     2 |       |     1 ||     3
       Long sword        |       |    14 |    20 ||    34
Invok: Berserk           |       |     1 |     2 ||     3
 Stab: Sleeping          |     3 |       |       ||     3
Armor: Animal skin       |    13 |    11 |       ||    24
Dodge: Dodged            |    48 |    56 |    15 ||   119
